 Dungeon Crawl Stone Soup version 0.32-a0-732-ga344392067 (webtiles) character file.

Game seed: 204129500120603590

49 jasper the Trooper (level 3, 0/43 HPs)
             Began as a Demonspawn Shapeshifter on Mar 16, 2024.
             Was a Follower of Fedhas.
             Slain by a centaur (1 damage)
             ... on level 3 of the Dungeon.
             The game lasted 00:02:26 (1293 turns).

jasper the Trooper (Demonspawn Shapeshifter)        Turns: 1293, Time: 00:02:26

Health: 0/43       AC: 21    Str: 16    XL:     3   Next: 53%
Magic:  12/12      EV:  2    Int: 10    God:    Fedhas [*.....]
Gold:   82         SH:  0    Dex: 12    Spells: 2/2 levels left

rFire   . .          .
                       - Unarmed
rCold   . . .        (no shield)
rNeg    . . .        i - melded +0 ring mail
rPois   +            (helmet currently unavailable)
rElec   .            (cloak currently unavailable)
rCorr   .            (gloves currently unavailable)
SInv    .            (boots currently unavailable)
Will    .....        (no amulet)
Stlth   +            s - ring of magical power
HPRegen 0.27/turn    (no ring)
MPRegen 0.13/turn

%: no passive effects
@: tree-form
A: stationary, stasis, torment immunity, boosted hp, (antennae 2)
a: Renounce Religion


You were on level 3 of the Dungeon.
You worshipped Fedhas.
Fedhas was aware of your devotion.
You were a tree.
You visited 1 branch of the dungeon, and saw 3 of its levels.

You collected 82 gold pieces.

Inventory:

Hand Weapons
 h - a +0 dagger
 l - a +0 whip
 m - a +2 antimagic short sword
Missiles
 f - 4 boomerangs (quivered)
 o - 11 stones
Armour
 a - a +0 animal skin
 g - a +0 leather armour
 i - a +0 ring mail (melded)
 t - a +0 pair of boots
Jewellery
 s - a ring of magical power (left branch)
Talismans
 c - a beast talisman (active)
 d - a flux talisman
Scrolls
 j - a scroll of identify
 n - a scroll of teleportation
Potions
 k - a potion of mutation
 q - a potion of brilliance
 r - a potion of enlightenment


   Skills:
 + Level 3.5 Fighting
 - Level 1.7 Dodging
 - Level 2.6 Unarmed Combat
 - Level 2.6 Shapeshifting


You had 2 spell levels left.
You didn't know any spells.
Your spell library was empty.

Dungeon Overview and Level Annotations

Branches:
Dungeon (3/15)

Altars:
Fedhas
Beogh

Shops:
D:2 ?

Annotations:
D:3 Ijyb


Innate Abilities, Weirdness & Mutations

You are a tree.
Your roots penetrate the ground, keeping you stationary.
You cannot be teleported.
You are immune to unholy pain and torment.
Your maximum health is greatly increased.
Your equipment is partially melded.
((You have a pair of antennae on your head.))


Message History

Ijyb is lightly wounded.
Ijyb zaps a wand.
The puff of flame hits you!
* * * LOW HITPOINT WARNING * * *
The centaur hits you but does no damage.
The centaur kicks you but does no damage.
You take 7 damage, and have 3/43 hp.
You feel better.
The centaur hits you but does no damage.
The centaur kicks you but does no damage.
Ijyb zaps a wand.
The puff of flame hits you!
* * * LOW HITPOINT WARNING * * *
The centaur hits you but does no damage.
The centaur kicks you but does no damage.
Okay, then.
You aren't carrying any items that you can evoke.
Unknown command.
Okay, then.
Unknown command.
Unknown command.
You smack the centaur!
The centaur is moderately wounded.
Ijyb hits you but does no damage.
The centaur hits you but does no damage.
The centaur kicks you but does no damage.
You hit the centaur.
The centaur is heavily wounded.
The centaur hits you but does no damage.
The centaur kicks you but does no damage.
Ijyb hits you with a +2 club.
* * * LOW HITPOINT WARNING * * *
You take 2 damage, and have 1/43 hp.
You hit the centaur.
The centaur is severely wounded.
The centaur hits you but does no damage.
The centaur kicks you but does no damage.
Ijyb zaps a wand.
The puff of flame hits you but does no damage.
The centaur hits you.
You die...
Fedhas appreciates your contribution to the ecosystem.

..........###...
#..###.##.....
#<............
#..###........
#..# #.###....
#..# #.# ... #
#..###.# .#
#.####..##..# #
#....♣g.....#
######c.##.##
#..##.# #$.##.#
#..##.# #..##.#
#..##.# #..##.#
#..##.#


You could see Ijyb and a centaur.

Vanquished Creatures
  An adder (D:2)
  2 dart slugs (D:1)
  An orc (D:1)
  4 bats
  3 endoplasms
  A giant cockroach (D:1)
  3 goblins (D:1)
  3 hobgoblins
  2 jackals (D:1)
  2 quokkas
  2 ball pythons (D:1)
  A frilled lizard (D:2)
  3 kobolds
  4 rats
32 creatures vanquished.

Notes
Turn   | Place    | Note
-------+----------+-------------------------------------------
     0 | D:1      | jasper the Demonspawn Shapeshifter began the quest for the
                  | Orb.
     0 | D:1      | Reached XP level 1. HP: 15/15 MP: 1/1
     0 | D:1      | Noticed a large abomination
     1 | D:1      | Noticed a large abomination
     4 | D:1      | Noticed a large abomination
     7 | D:1      | Noticed a large abomination
    11 | D:1      | Noticed a large abomination
    13 | D:1      | Noticed a large abomination
    15 | D:1      | Noticed a large abomination
    15 | D:1      | Noticed a large abomination
    15 | D:1      | Noticed a large abomination
    17 | D:1      | Noticed a small abomination
    17 | D:1      | Noticed a large abomination
    19 | D:1      | Noticed a large abomination
    19 | D:1      | Noticed a large abomination
    21 | D:1      | Noticed a large abomination
   151 | D:1      | Reached skill level 2 in Fighting
   151 | D:1      | Gained mutation: You have a pair of small antennae on your
                  | head. [demonic ancestry]
   151 | D:1      | Reached XP level 2. HP: 14/22 MP: 2/2
   570 | D:1      | Found a roughly hewn altar of Beogh.
   604 | D:1      | Found a faded altar of an unknown god.
   748 | D:1      | Prayed at the altar of an unknown god.
   748 | D:1      | Became a worshipper of Fedhas Madash
   748 | D:1      | Reached * piety under Fedhas
   889 | D:2      | Reached skill level 3 in Fighting
   907 | D:2      | Gained mutation: You have a pair of antennae on your head.
                  | [demonic ancestry]
   907 | D:2      | Reached XP level 3. HP: 27/29 MP: 3/3
  1041 | D:2      | Found Qafaept's Magic Scroll Shoppe.
  1276 | D:3      | Noticed Ijyb
  1276 | D:3      | Noticed a centaur
  1292 | D:3      | HP: 1/43 [Ijyb/+2 club (3)]
  1293 | D:3      | Slain by a centaur

Illustrated notes

Levels and vault maps discovered:
D:1:      shiori_arrival_whats_in_store_for_you, layout_basic,
          hellmonk_ecumenical_altar_defaced_shrine, nicolae_figureground_sparkle
D:2:      layout_rooms, serial_shops, shop
D:3:      cheibrodos_pilgrimage, layout_loops_ring,
          nicolae_overflow_hidden_temple, minmay_hedge_maze,
          hangedman_decor_peaks_small, uniq_ijyb

Skill      XL: |  1  2 |
---------------+-------+-----
Fighting       | 2 3 |  3.5
Dodging        | |  1.7
Unarmed Combat | |  2.6
Shapeshifting  | |  2.6

Action                     || total
---------------------------++-------
  Melee: Unarmed           ||   104
         Punch             ||     1
    Use: Scroll            ||     8
         Potion            ||     3
 Armour: Animal skin       ||    11
         Leather armour    ||     7
         Ring mail         ||    50
         Skin              ||    24
  Dodge: Dodged            ||    58

Table legend: (Time is in decaauts)
 A = Elapsed time spent in this place.
 B = Non-inter-level travel time spent in this place.
 C = Inter-level travel time spent in this place.
 D = Time resting spent in this place.
 E = Time spent auto-exploring this place.
 F = Levels seen in this place.
 G = Mean time per level.
                   A        B        C        D        E       F      G
               +--------+--------+--------+--------+--------+-----+--------+
         Total |   1287 |   1159 |    128 |     77 |    706 |   3 |  429.0 |
       Dungeon |   1287 |   1159 |    128 |     77 |    706 |   3 |  429.0 |
               +--------+--------+--------+--------+--------+-----+--------+

Top non-repeatable levels by time:
     D:1: 976 daAuts
     D:2: 265 daAuts
     D:3: 46 daAuts
